[ AOE2 MATCH · #469693751 ]
UnrankedDravidians vs Poles
[ REPLAY ANALYSIS · EXTRACTED FROM THE RECORDED GAME ]
Feudal
11:39
Castle
15:46
Imperial
35:00
| APM avg | 16.4 |
| APM peak | 41 |
| eAPM avg | 13.5 |
| Villagers / military | 127 / 218 |
Focus
⚔️ 36.3% · 🌾 63.7%
Spearman ×86 · Elephant Archer ×76 · Urumi Swordsman ×51 · Monk ×2 · Archer ×2 · Hand Cannoneer ×1
Feudal
10:58
Castle
14:40
Imperial
30:33
| APM avg | 31.9 |
| APM peak | 78 |
| eAPM avg | 19.5 |
| Villagers / military | 199 / 143 |
Focus
⚔️ 33.2% · 🌾 66.8%
Archer ×133 · Unknown (2550) ×58 · Unknown (2586) ×20 · Trade Cart ×17 · Unknown (2562) ×14 · Trebuchet (Packed) ×8
Feudal
11:32
Castle
15:39
Imperial
31:38
| APM avg | 28.7 |
| APM peak | 71 |
| eAPM avg | 17.7 |
| Villagers / military | 218 / 278 |
Focus
⚔️ 34.4% · 🌾 65.6%
Knight ×172 · Scout Cavalry ×81 · Battering Ram ×9 · Bombard Cannon ×8 · Mangonel ×5 · Monk ×2
Feudal
11:11
Castle
15:07
Imperial
34:23
| APM avg | 20.6 |
| APM peak | 42 |
| eAPM avg | 11.0 |
| Villagers / military | 125 / 58 |
Focus
⚔️ 22.8% · 🌾 77.2%
Skirmisher ×38 · Genoese Crossbowman ×12 · Knight ×5 · Archer ×3
Feudal
11:44
Castle
17:20
Imperial
35:16
| APM avg | 26.9 |
| APM peak | 63 |
| eAPM avg | 11.9 |
| Villagers / military | 121 / 108 |
Focus
⚔️ 28.2% · 🌾 71.8%
Knight ×104 · Trebuchet (Packed) ×4
Feudal
11:46
Castle
19:54
Imperial
37:02
| APM avg | 53.2 |
| APM peak | 103 |
| eAPM avg | 21.6 |
| Villagers / military | 154 / 345 |
Focus
⚔️ 25.0% · 🌾 75.0%
Cavalry Archer ×181 · Scout Cavalry ×147 · Battering Ram ×12 · Mangonel ×4 · Archer ×1
Match map
Initial resources + every placement click. Lines = walls · curves = elevation contours. ◆ gold · ⬟ stone · ● berries · ✦ relic · ◌ wall gap
Your base· ✓ Map-separated
Quando's base· ✓ Map-separated
lan's base· ✓ Map-separated
Freytag's base· ✓ Map-separated
Fr4ggi's base· ✓ Map-separated
Darkmove's base· ✓ Map-separated
Smoothed initial terrain · ◌ = detected wall gap · hover for details
Inputs per minute
— Relief - - Quando
Build order — Relief
First 150 of 437 actions detected
| 0:01 | Queue | Villager (Male) |
| 0:01 | Queue | Villager (Male) |
| 0:04 | Build | House |
| 0:06 | Build | House |
| 0:12 | Queue | Villager (Male) |
| 0:13 | Queue | Villager (Male) |
| 1:37 | Queue | Villager (Male) |
| 1:44 | Build | Lumber Camp |
| 2:00 | Queue | Villager (Male) |
| 2:29 | Queue | Villager (Male) |
| 2:52 | Queue | Villager (Male) |
| 3:21 | Queue | Villager (Male) |
| 3:42 | Queue | Villager (Male) |
| 3:52 | Build | House |
| 4:04 | Queue | Villager (Male) |
| 4:17 | Build | House |
| 4:40 | Queue | Villager (Male) |
| 5:08 | Build | Mill |
| 5:13 | Queue | Villager (Male) |
| 5:14 | Queue | Villager (Male) |
| 6:01 | Queue | Villager (Male) |
| 6:26 | Build | Farm |
| 6:30 | Build | Farm |
| 6:33 | Build | Farm |
| 6:34 | Queue | Villager (Male) |
| 6:53 | Queue | Villager (Male) |
| 7:24 | Queue | Villager (Male) |
| 7:31 | Build | House |
| 7:43 | Queue | Villager (Male) |
| 7:44 | Queue | Villager (Male) |
| 8:22 | Build | Mining Camp |
| 8:30 | Queue | Villager (Male) |
| 8:30 | Queue | Villager (Male) |
| 9:06 | Research | Feudal Age |
| 9:09 | Build | Mining Camp |
| 9:37 | Queue | Villager (Male) |
| 9:38 | Queue | Villager (Male) |
| 10:11 | Build | Lumber Camp |
| 11:11 | Build | Farm |
| 11:13 | Build | Farm |
| 11:16 | Build | Farm |
| 11:39 | Age | Feudal Age |
| 11:45 | Build | Market |
| 11:53 | Build | Blacksmith |
| 11:59 | Build | Farm |
| 12:30 | Build | Farm |
| 12:54 | Build | House |
| 13:06 | Research | Castle Age |
| 13:25 | Build | Farm |
| 13:30 | Build | Farm |
| 13:34 | Build | Farm |
| 13:53 | Build | Farm |
| 13:57 | Research | Double-Bit Axe |
| 14:21 | Research | Horse Collar |
| 15:04 | Queue | Villager (Male) |
| 15:46 | Age | Castle Age |
| 15:51 | Build | Monastery |
| 15:53 | Queue | Villager (Male) |
| 16:19 | Build | Lumber Camp |
| 16:20 | Queue | Villager (Male) |
| 16:27 | Queue | Villager (Male) |
| 16:39 | Queue | Monk |
| 17:06 | Queue | Villager (Male) |
| 17:23 | Queue | Villager (Male) |
| 17:37 | Build | Town Center |
| 17:39 | Queue | Villager (Male) |
| 18:08 | Research | Loom |
| 18:08 | Queue | Villager (Male) |
| 18:10 | Queue | Villager (Male) |
| 18:29 | Build | Castle |
| 18:31 | Queue | Villager (Male) |
| 18:41 | Build | House |
| 18:49 | Research | Wheelbarrow |
| 19:28 | Queue | Villager (Male) |
| 19:29 | Queue | Villager (Male) |
| 19:31 | Build | House |
| 19:33 | Build | House |
| 19:48 | Queue | Villager (Male) |
| 20:10 | Build | House |
| 20:12 | Build | House |
| 20:14 | Queue | Villager (Male) |
| 20:16 | Queue | Villager (Male) |
| 20:17 | Queue | Villager (Male) |
| 20:27 | Build | Town Center |
| 20:29 | Queue | Villager (Male) |
| 20:35 | Build | Farm |
| 20:38 | Queue | Villager (Male) |
| 21:00 | Research | Bow Saw |
| 21:22 | Queue | Villager (Male) |
| 21:23 | Queue | Villager (Male) |
| 21:30 | Queue | Urumi Swordsman |
| 21:36 | Queue | Villager (Male) |
| 21:42 | Build | House |
| 21:44 | Build | House |
| 22:17 | Queue | Villager (Male) |
| 22:27 | Build | Barracks |
| 22:29 | Queue | Villager (Male) |
| 22:33 | Build | Farm |
| 22:53 | Build | Barracks |
| 23:09 | Queue | Monk |
| 23:12 | Queue | Villager (Male) |
| 23:22 | Queue | Villager (Male) |
| 23:24 | Research | Town Watch |
| 23:26 | Queue | Villager (Male) |
| 23:31 | Queue | Villager (Male) |
| 23:31 | Queue | Villager (Male) |
| 23:31 | Queue | Villager (Male) |
| 23:45 | Build | Archery Range |
| 24:10 | Queue | Villager (Male) |
| 24:11 | Queue | Villager (Male) |
| 24:11 | Queue | Villager (Male) |
| 24:14 | Build | Farm |
| 24:16 | Build | Farm |
| 24:18 | Build | Farm |
| 24:20 | Build | Farm |
| 24:24 | Build | Stable |
| 24:25 | Queue | Villager (Male) |
| 24:32 | Build | Farm |
| 24:36 | Queue | Villager (Male) |
| 24:37 | Queue | Villager (Male) |
| 24:42 | Build | Farm |
| 24:44 | Queue | Villager (Male) |
| 24:46 | Queue | Villager (Male) |
| 24:46 | Queue | Villager (Male) |
| 24:51 | Research | Heavy Plow |
| 25:03 | Queue | Elephant Archer |
| 25:03 | Queue | Elephant Archer |
| 25:13 | Build | Archery Range |
| 25:15 | Build | Archery Range |
| 25:16 | Queue | Villager (Male) |
| 25:19 | Build | Farm |
| 25:33 | Queue | Villager (Male) |
| 25:41 | Build | Farm |
| 25:43 | Research | Husbandry |
| 25:45 | Research | Fletching |
| 25:48 | Queue | Elephant Archer |
| 25:49 | Queue | Elephant Archer |
| 25:53 | Queue | Villager (Male) |
| 26:00 | Build | Farm |
| 26:03 | Build | Farm |
| 26:04 | Queue | Villager (Male) |
| 26:10 | Build | Lumber Camp |
| 26:16 | Build | Farm |
| 26:37 | Queue | Villager (Male) |
| 26:37 | Queue | Villager (Male) |
| 26:38 | Queue | Villager (Male) |
| 26:38 | Queue | Villager (Male) |
| 26:38 | Queue | Villager (Male) |
| 26:38 | Queue | Villager (Male) |
| 26:39 | Queue | Villager (Male) |
Build order — Quando
First 150 of 456 actions detected
| 0:00 | Queue | Villager (Male) |
| 0:00 | Queue | Villager (Male) |
| 0:01 | Queue | Villager (Male) |
| 0:02 | Build | House |
| 0:05 | Build | House |
| 0:53 | Queue | Villager (Male) |
| 1:39 | Queue | Villager (Male) |
| 1:45 | Build | Settlement |
| 2:07 | Queue | Villager (Male) |
| 2:08 | Queue | Villager (Male) |
| 2:30 | Queue | Villager (Male) |
| 2:46 | Queue | Villager (Male) |
| 3:13 | Queue | Villager (Male) |
| 3:13 | Queue | Villager (Male) |
| 3:26 | Queue | Villager (Male) |
| 4:13 | Queue | Villager (Male) |
| 4:19 | Queue | Villager (Male) |
| 5:10 | Build | Farm |
| 5:22 | Queue | Villager (Male) |
| 5:33 | Build | Farm |
| 5:39 | Queue | Villager (Male) |
| 5:46 | Build | House |
| 5:47 | Build | House |
| 5:51 | Queue | Villager (Male) |
| 6:21 | Build | Farm |
| 6:35 | Queue | Villager (Male) |
| 6:36 | Queue | Villager (Male) |
| 6:41 | Build | Farm |
| 6:51 | Build | Farm |
| 6:52 | Queue | Villager (Male) |
| 7:15 | Queue | Villager (Male) |
| 7:20 | Build | Farm |
| 7:59 | Build | Settlement |
| 8:05 | Build | Settlement |
| 8:07 | Queue | Villager (Male) |
| 8:30 | Build | Farm |
| 8:42 | Research | Feudal Age |
| 8:49 | Queue | Villager (Male) |
| 8:49 | Queue | Villager (Male) |
| 10:58 | Age | Feudal Age |
| 11:03 | Build | Market |
| 11:04 | Build | Blacksmith |
| 11:51 | Research | Double-Bit Axe |
| 12:00 | Research | Castle Age |
| 12:08 | Research | Horse Collar |
| 12:56 | Research | Loom |
| 13:13 | Build | House |
| 13:15 | Build | House |
| 14:25 | Queue | Villager (Male) |
| 14:34 | Build | House |
| 14:40 | Age | Castle Age |
| 14:45 | Build | Town Center |
| 14:48 | Build | Town Center |
| 15:24 | Queue | Villager (Male) |
| 15:45 | Queue | Villager (Male) |
| 15:47 | Research | Bow Saw |
| 16:05 | Queue | Villager (Male) |
| 16:05 | Queue | Villager (Male) |
| 16:13 | Queue | Villager (Male) |
| 16:14 | Queue | Villager (Male) |
| 16:16 | Queue | Villager (Male) |
| 16:16 | Queue | Villager (Male) |
| 16:33 | Research | Heavy Plow |
| 16:36 | Build | Farm |
| 16:39 | Queue | Villager (Male) |
| 16:44 | Build | Farm |
| 16:55 | Build | Farm |
| 17:00 | Build | Farm |
| 17:07 | Build | Farm |
| 17:09 | Queue | Villager (Male) |
| 17:14 | Build | Farm |
| 17:31 | Build | House |
| 17:32 | Build | House |
| 17:33 | Queue | Villager (Male) |
| 17:36 | Build | Farm |
| 17:45 | Build | Farm |
| 17:46 | Queue | Villager (Male) |
| 17:54 | Build | Farm |
| 17:55 | Queue | Villager (Male) |
| 18:02 | Build | Farm |
| 18:05 | Queue | Villager (Male) |
| 18:15 | Build | Farm |
| 18:20 | Build | Farm |
| 18:21 | Queue | Villager (Male) |
| 18:26 | Build | Farm |
| 18:29 | Queue | Villager (Male) |
| 18:36 | Build | Farm |
| 18:47 | Build | Farm |
| 18:48 | Queue | Villager (Male) |
| 18:50 | Build | Farm |
| 18:51 | Queue | Villager (Male) |
| 19:00 | Queue | Villager (Male) |
| 19:03 | Build | House |
| 19:04 | Queue | Villager (Male) |
| 19:12 | Queue | Villager (Male) |
| 19:16 | Build | Farm |
| 19:20 | Queue | Villager (Male) |
| 19:32 | Build | Outpost |
| 19:34 | Build | Outpost |
| 19:37 | Build | Outpost |
| 19:39 | Build | House |
| 19:40 | Queue | Villager (Male) |
| 19:41 | Queue | Villager (Male) |
| 19:41 | Queue | Villager (Male) |
| 19:41 | Queue | Villager (Male) |
| 19:45 | Build | Farm |
| 19:48 | Build | Farm |
| 19:49 | Queue | Villager (Male) |
| 19:59 | Queue | Villager (Male) |
| 19:59 | Queue | Villager (Male) |
| 20:06 | Build | Barracks |
| 20:07 | Queue | Villager (Male) |
| 20:14 | Queue | Villager (Male) |
| 20:19 | Build | Farm |
| 20:23 | Build | Farm |
| 20:26 | Queue | Villager (Male) |
| 20:26 | Queue | Villager (Male) |
| 20:28 | Build | House |
| 20:43 | Queue | Villager (Male) |
| 20:43 | Queue | Villager (Male) |
| 20:53 | Build | Farm |
| 20:56 | Build | Farm |
| 21:01 | Build | Archery Range |
| 21:03 | Queue | Villager (Male) |
| 21:03 | Queue | Villager (Male) |
| 21:03 | Queue | Villager (Male) |
| 21:04 | Queue | Villager (Male) |
| 21:11 | Build | House |
| 21:22 | Queue | Villager (Male) |
| 21:29 | Research | Fletching |
| 21:32 | Build | House |
| 21:33 | Build | House |
| 21:36 | Queue | Villager (Male) |
| 21:49 | Queue | Villager (Male) |
| 21:49 | Queue | Villager (Male) |
| 21:53 | Build | Archery Range |
| 21:54 | Queue | Archer |
| 21:55 | Queue | Villager (Male) |
| 21:56 | Queue | Villager (Male) |
| 21:58 | Build | Farm |
| 21:59 | Build | Farm |
| 22:00 | Queue | Villager (Male) |
| 22:01 | Queue | Villager (Male) |
| 22:12 | Build | House |
| 22:13 | Build | House |
| 22:14 | Build | House |
| 22:15 | Build | House |
| 22:19 | Queue | Villager (Male) |
| 22:19 | Queue | Villager (Male) |
| 22:22 | Queue | Archer |
Build order — lan
First 150 of 388 actions detected
| 0:01 | Queue | Villager (Male) |
| 0:01 | Queue | Villager (Male) |
| 0:02 | Queue | Villager (Male) |
| 0:03 | Build | House |
| 0:04 | Build | House |
| 0:51 | Queue | Villager (Male) |
| 1:42 | Queue | Villager (Male) |
| 2:05 | Queue | Villager (Male) |
| 2:29 | Queue | Villager (Male) |
| 2:33 | Build | Lumber Camp |
| 2:46 | Queue | Villager (Male) |
| 3:10 | Queue | Villager (Male) |
| 3:16 | Build | House |
| 3:42 | Queue | Villager (Male) |
| 4:04 | Queue | Villager (Male) |
| 4:28 | Queue | Villager (Male) |
| 4:51 | Build | House |
| 4:59 | Queue | Villager (Male) |
| 5:07 | Queue | Villager (Male) |
| 5:34 | Queue | Villager (Male) |
| 6:18 | Queue | Villager (Male) |
| 6:25 | Build | Outpost |
| 6:39 | Build | Mill |
| 6:50 | Queue | Villager (Male) |
| 6:56 | Queue | Villager (Male) |
| 7:12 | Queue | Villager (Male) |
| 7:29 | Build | Farm |
| 7:38 | Build | Lumber Camp |
| 7:44 | Queue | Villager (Male) |
| 7:48 | Build | Farm |
| 7:53 | Build | Farm |
| 8:20 | Queue | Villager (Male) |
| 8:24 | Build | Farm |
| 8:34 | Queue | Villager (Male) |
| 8:41 | Build | Farm |
| 8:47 | Queue | Villager (Male) |
| 9:15 | Queue | Villager (Male) |
| 9:22 | Research | Feudal Age |
| 9:27 | Build | Mining Camp |
| 9:44 | Build | Farm |
| 10:00 | Build | Farm |
| 10:23 | Queue | Villager (Male) |
| 10:35 | Build | Farm |
| 11:06 | Build | House |
| 11:32 | Age | Feudal Age |
| 11:37 | Build | Market |
| 11:45 | Build | Blacksmith |
| 11:56 | Build | Farm |
| 11:57 | Queue | Villager (Male) |
| 12:11 | Build | Farm |
| 12:15 | Queue | Villager (Male) |
| 12:59 | Research | Castle Age |
| 13:15 | Build | Stone Wall |
| 13:28 | Research | Double-Bit Axe |
| 14:02 | Build | Barracks |
| 14:13 | Research | Horse Collar |
| 14:26 | Research | Stone Mining |
| 15:39 | Age | Castle Age |
| 15:45 | Build | Town Center |
| 15:57 | Queue | Villager (Male) |
| 16:03 | Build | Stable |
| 16:04 | Queue | Villager (Male) |
| 16:05 | Research | Loom |
| 16:10 | Research | Wheelbarrow |
| 16:29 | Research | Bow Saw |
| 16:44 | Build | House |
| 17:03 | Queue | Villager (Male) ×2 |
| 17:22 | Queue | Villager (Male) |
| 17:30 | Queue | Villager (Male) |
| 18:00 | Build | Town Center |
| 18:06 | Build | Mill |
| 18:15 | Build | Mill |
| 18:17 | Queue | Villager (Male) ×3 |
| 18:33 | Build | Farm |
| 18:55 | Build | Farm |
| 18:57 | Build | Farm |
| 19:00 | Build | Farm |
| 19:05 | Research | Heavy Plow |
| 19:12 | Build | Farm |
| 19:13 | Queue | Villager (Male) |
| 19:20 | Queue | Villager (Male) |
| 19:21 | Queue | Villager (Male) |
| 19:30 | Queue | Villager (Male) ×2 |
| 19:41 | Build | Farm |
| 19:44 | Build | Farm |
| 19:48 | Build | Farm |
| 20:00 | Queue | Villager (Male) ×5 |
| 20:04 | Queue | Villager (Male) |
| 20:08 | Build | Farm |
| 20:19 | Queue | Villager (Male) ×3 |
| 20:40 | Build | Mill |
| 20:43 | Queue | Villager (Male) ×3 |
| 20:56 | Build | Lumber Camp |
| 21:00 | Build | Farm |
| 21:03 | Queue | Villager (Male) ×2 |
| 21:12 | Queue | Villager (Male) |
| 21:16 | Build | House |
| 21:18 | Build | House |
| 21:20 | Queue | Villager (Male) |
| 21:27 | Build | Farm |
| 21:30 | Build | Farm |
| 21:31 | Queue | Villager (Male) ×3 |
| 21:38 | Build | Farm |
| 21:42 | Build | Farm |
| 21:47 | Build | Farm |
| 21:53 | Build | Farm |
| 21:57 | Build | House |
| 22:09 | Build | Monastery |
| 22:12 | Queue | Villager (Male) ×5 |
| 22:18 | Research | Husbandry |
| 22:27 | Build | Castle |
| 22:38 | Build | Lumber Camp |
| 22:39 | Queue | Villager (Male) ×5 |
| 22:51 | Build | Town Center |
| 22:53 | Queue | Monk |
| 22:54 | Queue | Monk |
| 22:55 | Queue | Villager (Male) ×3 |
| 23:02 | Build | House |
| 23:03 | Build | House |
| 23:04 | Build | House |
| 23:05 | Queue | Villager (Male) |
| 23:17 | Build | Farm |
| 23:22 | Build | Farm |
| 23:23 | Queue | Villager (Male) ×3 |
| 23:36 | Research | Scale Barding Armor |
| 23:47 | Build | Mill |
| 23:48 | Queue | Villager (Male) ×3 |
| 23:56 | Build | Farm |
| 23:56 | Build | Farm |
| 23:56 | Build | Farm |
| 24:09 | Build | Mining Camp |
| 24:21 | Queue | Villager (Male) ×5 |
| 24:32 | Build | House |
| 24:34 | Build | House |
| 24:51 | Research | Szlachta Privileges |
| 24:52 | Queue | Villager (Male) |
| 24:59 | Queue | Villager (Male) ×2 |
| 25:02 | Build | Farm |
| 25:03 | Build | Farm |
| 25:03 | Build | Farm |
| 25:21 | Build | Town Center |
| 25:49 | Build | Stable |
| 25:53 | Build | Stable |
| 25:57 | Build | Stable |
| 25:58 | Queue | Villager (Male) ×5 |
| 26:05 | Build | Farm |
| 26:05 | Build | Farm |
| 26:15 | Build | Mill |
| 26:16 | Build | Farm |
| 26:16 | Build | Farm |
Build order — Freytag
First 150 of 300 actions detected
| 0:03 | Build | House |
| 0:06 | Build | House |
| 0:07 | Queue | Villager (Male) |
| 0:07 | Queue | Villager (Male) |
| 0:50 | Queue | Villager (Male) |
| 1:02 | Queue | Villager (Male) |
| 1:59 | Queue | Villager (Male) |
| 2:00 | Queue | Villager (Male) |
| 2:03 | Build | Lumber Camp |
| 2:42 | Queue | Villager (Male) |
| 2:56 | Queue | Villager (Male) |
| 3:39 | Queue | Villager (Male) |
| 4:03 | Build | Mill |
| 4:04 | Queue | Villager (Male) |
| 4:30 | Queue | Villager (Male) |
| 5:17 | Research | Loom |
| 5:17 | Queue | Villager (Male) |
| 5:26 | Queue | Villager (Male) |
| 5:51 | Build | House |
| 5:54 | Build | House |
| 6:06 | Build | House |
| 7:17 | Queue | Villager (Male) |
| 7:44 | Queue | Villager (Male) |
| 8:00 | Build | House |
| 8:04 | Build | House |
| 8:09 | Queue | Villager (Male) |
| 8:36 | Queue | Villager (Male) |
| 8:38 | Research | Feudal Age |
| 8:44 | Build | Mining Camp |
| 8:52 | Build | House |
| 10:52 | Build | Farm |
| 10:54 | Build | Farm |
| 11:11 | Age | Feudal Age |
| 11:17 | Build | Blacksmith |
| 11:25 | Build | Market |
| 11:27 | Queue | Villager (Male) |
| 11:45 | Build | Farm |
| 12:02 | Build | Farm |
| 12:27 | Research | Castle Age |
| 12:51 | Build | Mining Camp |
| 13:13 | Research | Double-Bit Axe |
| 13:38 | Build | Farm |
| 13:48 | Research | Horse Collar |
| 14:09 | Queue | Villager (Male) |
| 14:10 | Queue | Villager (Male) |
| 15:04 | Build | Farm |
| 15:04 | Build | Farm |
| 15:07 | Age | Castle Age |
| 15:22 | Research | Bow Saw |
| 15:55 | Queue | Villager (Male) |
| 16:14 | Queue | Villager (Male) |
| 16:29 | Build | Farm |
| 17:09 | Queue | Villager (Male) |
| 17:10 | Queue | Villager (Male) |
| 17:16 | Build | Town Center |
| 17:28 | Queue | Villager (Male) |
| 17:42 | Research | Heavy Plow |
| 18:02 | Queue | Villager (Male) |
| 18:26 | Build | Farm |
| 18:28 | Queue | Villager (Male) |
| 18:30 | Queue | Villager (Male) |
| 18:36 | Build | Farm |
| 18:54 | Queue | Villager (Male) |
| 19:07 | Build | Farm |
| 19:13 | Build | Farm |
| 19:19 | Build | Farm |
| 19:20 | Queue | Villager (Male) |
| 19:47 | Queue | Villager (Male) |
| 19:47 | Queue | Villager (Male) |
| 20:00 | Queue | Villager (Male) |
| 20:37 | Build | Castle |
| 20:46 | Build | Lumber Camp |
| 20:52 | Queue | Villager (Male) |
| 20:52 | Queue | Villager (Male) |
| 20:56 | Queue | Villager (Male) |
| 20:56 | Queue | Villager (Male) |
| 20:57 | Queue | Villager (Male) |
| 21:13 | Build | Farm |
| 21:14 | Build | Farm |
| 21:20 | Queue | Villager (Male) |
| 21:23 | Research | Fletching |
| 21:37 | Build | Barracks |
| 21:41 | Queue | Villager (Male) |
| 21:51 | Build | Farm |
| 21:51 | Build | Farm |
| 22:01 | Queue | Villager (Male) |
| 22:03 | Queue | Villager (Male) |
| 22:23 | Queue | Villager (Male) |
| 22:32 | Build | Farm |
| 22:39 | Queue | Villager (Male) |
| 22:42 | Queue | Villager (Male) |
| 23:09 | Queue | Villager (Male) |
| 23:12 | Research | Wheelbarrow |
| 23:26 | Queue | Genoese Crossbowman |
| 23:26 | Queue | Genoese Crossbowman |
| 23:37 | Build | Farm |
| 23:39 | Queue | Villager (Male) |
| 23:41 | Queue | Villager (Male) |
| 23:41 | Queue | Villager (Male) |
| 23:42 | Queue | Villager (Male) |
| 23:57 | Build | Town Center |
| 24:01 | Queue | Villager (Male) |
| 24:07 | Queue | Villager (Male) |
| 24:17 | Build | Farm |
| 24:17 | Build | Farm |
| 24:27 | Build | Farm |
| 24:29 | Queue | Villager (Male) |
| 24:47 | Build | University |
| 24:52 | Queue | Villager (Male) |
| 24:55 | Queue | Villager (Male) |
| 24:56 | Queue | Villager (Male) |
| 25:04 | Build | House |
| 25:06 | Build | House |
| 25:06 | Build | House |
| 25:08 | Build | House |
| 25:23 | Research | Hand Cart |
| 25:43 | Queue | Genoese Crossbowman |
| 25:43 | Queue | Genoese Crossbowman |
| 25:53 | Queue | Villager (Male) |
| 25:57 | Queue | Villager (Male) |
| 25:58 | Queue | Villager (Male) |
| 25:59 | Queue | Villager (Male) |
| 25:59 | Queue | Villager (Male) |
| 26:08 | Queue | Villager (Male) |
| 26:21 | Build | Farm |
| 26:28 | Queue | Genoese Crossbowman |
| 26:30 | Research | Bodkin Arrow |
| 26:33 | Research | Padded Archer Armor |
| 26:38 | Research | Ballistics |
| 26:47 | Build | Farm |
| 26:51 | Queue | Villager (Male) |
| 26:51 | Queue | Villager (Male) |
| 26:58 | Queue | Villager (Male) |
| 27:03 | Queue | Villager (Male) |
| 27:06 | Queue | Villager (Male) |
| 27:09 | Build | Farm |
| 27:13 | Build | Farm |
| 27:17 | Build | House |
| 27:19 | Build | House |
| 27:21 | Build | House |
| 27:27 | Queue | Villager (Male) |
| 27:28 | Queue | Villager (Male) |
| 27:29 | Queue | Villager (Male) |
| 27:33 | Queue | Villager (Male) |
| 27:37 | Queue | Genoese Crossbowman |
| 27:38 | Queue | Genoese Crossbowman |
| 28:09 | Build | Castle |
| 28:12 | Build | Mining Camp |
| 28:16 | Queue | Genoese Crossbowman |
| 28:16 | Queue | Genoese Crossbowman |
Build order — Fr4ggi
First 150 of 356 actions detected
| 0:02 | Queue | Villager (Male) |
| 0:03 | Queue | Villager (Male) |
| 0:06 | Build | House |
| 0:10 | Build | House |
| 0:12 | Queue | Villager (Male) |
| 0:41 | Queue | Villager (Male) |
| 0:41 | Queue | Villager (Male) |
| 1:36 | Queue | Villager (Male) |
| 1:52 | Build | Lumber Camp |
| 2:25 | Queue | Villager (Male) |
| 2:40 | Queue | Villager (Male) |
| 3:06 | Queue | Villager (Male) |
| 3:30 | Queue | Villager (Male) |
| 4:04 | Build | House |
| 4:30 | Queue | Villager (Male) |
| 5:04 | Build | Mill |
| 5:24 | Queue | Villager (Male) |
| 5:24 | Queue | Villager (Male) |
| 5:52 | Build | Farm |
| 6:01 | Build | House |
| 6:03 | Queue | Villager (Male) |
| 6:45 | Build | Farm |
| 6:47 | Queue | Villager (Male) |
| 6:48 | Queue | Villager (Male) |
| 6:55 | Queue | Villager (Male) |
| 7:45 | Build | Farm |
| 7:46 | Queue | Villager (Male) |
| 8:22 | Queue | Villager (Male) |
| 8:27 | Build | Farm |
| 8:29 | Queue | Villager (Male) |
| 8:56 | Queue | Villager (Male) |
| 9:14 | Build | Farm |
| 9:16 | Queue | Villager (Male) |
| 9:31 | Build | Mining Camp |
| 9:41 | Research | Feudal Age |
| 10:15 | Queue | Villager (Male) |
| 10:35 | Build | Barracks |
| 10:37 | Queue | Villager (Male) |
| 11:24 | Build | Lumber Camp |
| 11:28 | Build | Farm |
| 11:31 | Queue | Villager (Male) |
| 11:44 | Age | Feudal Age |
| 11:45 | Build | House |
| 11:55 | Research | Loom |
| 12:25 | Build | Stable |
| 12:36 | Build | Blacksmith |
| 12:50 | Build | Farm |
| 12:52 | Queue | Villager (Male) |
| 12:52 | Queue | Villager (Male) |
| 13:29 | Build | Farm |
| 13:31 | Queue | Villager (Male) |
| 13:49 | Queue | Villager (Male) |
| 14:06 | Build | Farm |
| 14:18 | Queue | Villager (Male) |
| 14:29 | Build | Farm |
| 14:33 | Queue | Villager (Male) |
| 14:38 | Build | Farm |
| 14:54 | Research | Castle Age |
| 15:00 | Build | House |
| 15:01 | Build | House |
| 15:14 | Build | Farm |
| 15:19 | Queue | Villager (Male) |
| 15:25 | Research | Horse Collar |
| 16:05 | Research | Double-Bit Axe |
| 16:33 | Research | Bloodlines |
| 17:11 | Research | Scale Barding Armor |
| 17:20 | Age | Castle Age |
| 17:22 | Queue | Villager (Male) |
| 17:39 | Build | Town Center |
| 17:45 | Build | Farm |
| 17:47 | Queue | Villager (Male) |
| 17:55 | Queue | Villager (Male) |
| 18:17 | Build | House |
| 18:30 | Queue | Knight |
| 18:57 | Research | Wheelbarrow |
| 18:58 | Queue | Villager (Male) |
| 19:06 | Build | Farm |
| 19:08 | Queue | Knight |
| 19:14 | Research | Forging |
| 19:26 | Queue | Villager (Male) |
| 19:26 | Queue | Villager (Male) |
| 19:27 | Queue | Villager (Male) |
| 19:38 | Queue | Knight |
| 19:53 | Build | Lumber Camp |
| 19:57 | Queue | Villager (Male) |
| 20:05 | Queue | Knight |
| 20:08 | Queue | Villager (Male) |
| 20:17 | Build | Farm |
| 20:18 | Build | Farm |
| 20:20 | Queue | Villager (Male) |
| 20:57 | Queue | Villager (Male) |
| 20:59 | Queue | Villager (Male) |
| 21:10 | Build | Stable |
| 21:17 | Build | Stable |
| 21:20 | Build | House |
| 21:27 | Queue | Villager (Male) |
| 21:27 | Queue | Villager (Male) |
| 21:35 | Queue | Villager (Male) |
| 21:36 | Queue | Villager (Male) |
| 21:36 | Queue | Villager (Male) |
| 21:47 | Research | Gold Mining |
| 22:01 | Build | House |
| 22:03 | Build | House |
| 22:05 | Build | House |
| 22:08 | Research | Bow Saw |
| 22:13 | Queue | Villager (Male) |
| 22:16 | Queue | Villager (Male) |
| 22:34 | Queue | Villager (Male) |
| 22:42 | Build | Mining Camp |
| 22:46 | Queue | Villager (Male) |
| 22:53 | Queue | Knight |
| 22:54 | Queue | Knight |
| 23:38 | Queue | Villager (Male) |
| 23:39 | Queue | Villager (Male) |
| 23:41 | Queue | Villager (Male) |
| 23:41 | Queue | Villager (Male) |
| 23:53 | Build | Town Center |
| 24:01 | Queue | Villager (Male) |
| 24:15 | Queue | Knight |
| 24:15 | Queue | Knight |
| 24:37 | Build | Farm |
| 24:43 | Research | Chain Barding Armor |
| 25:07 | Build | House |
| 25:08 | Build | House |
| 25:12 | Queue | Villager (Male) |
| 25:12 | Queue | Villager (Male) |
| 25:18 | Queue | Villager (Male) |
| 25:20 | Queue | Villager (Male) |
| 25:30 | Build | Farm |
| 25:51 | Queue | Villager (Male) |
| 25:51 | Queue | Villager (Male) |
| 25:51 | Queue | Villager (Male) |
| 25:58 | Build | Farm |
| 26:05 | Build | Farm |
| 26:09 | Build | Farm |
| 26:13 | Build | Farm |
| 26:19 | Build | Farm |
| 26:22 | Queue | Villager (Male) |
| 26:22 | Queue | Villager (Male) |
| 26:25 | Queue | Villager (Male) |
| 26:25 | Queue | Villager (Male) |
| 26:41 | Build | Farm |
| 26:42 | Build | Farm |
| 26:43 | Build | Farm |
| 26:48 | Build | Farm |
| 26:50 | Build | Farm |
| 26:55 | Build | Farm |
| 27:09 | Build | House |
| 27:13 | Build | House |
| 27:14 | Build | House |
Build order — Darkmove
First 150 of 476 actions detected
| 0:00 | Queue | Villager (Male) |
| 0:05 | Queue | Villager (Male) |
| 0:05 | Queue | Villager (Male) |
| 0:17 | Queue | Villager (Male) |
| 1:35 | Queue | Villager (Male) |
| 1:48 | Queue | Villager (Male) |
| 2:28 | Build | Lumber Camp |
| 2:30 | Queue | Villager (Male) |
| 2:52 | Queue | Villager (Male) |
| 3:01 | Queue | Villager (Male) |
| 3:19 | Queue | Villager (Male) |
| 3:48 | Queue | Villager (Male) |
| 3:53 | Queue | Villager (Male) |
| 4:43 | Queue | Villager (Male) |
| 5:16 | Queue | Villager (Male) |
| 5:21 | Queue | Villager (Male) |
| 5:25 | Queue | Villager (Male) |
| 5:25 | Queue | Villager (Male) |
| 5:25 | Queue | Villager (Male) |
| 5:26 | Queue | Villager (Male) |
| 6:01 | Queue | Villager (Male) |
| 7:21 | Queue | Villager (Male) |
| 8:04 | Queue | Villager (Male) |
| 8:54 | Build | Mill |
| 9:03 | Queue | Villager (Male) |
| 9:09 | Research | Loom |
| 9:15 | Build | Farm |
| 9:19 | Build | Farm |
| 9:20 | Build | Farm |
| 9:21 | Build | Farm |
| 9:33 | Research | Feudal Age |
| 10:06 | Build | Lumber Camp |
| 10:10 | Build | Farm |
| 10:32 | Build | Farm |
| 11:29 | Build | Palisade Gate |
| 11:33 | Build | Palisade Wall |
| 11:37 | Queue | Villager (Male) |
| 11:37 | Queue | Villager (Male) |
| 11:46 | Age | Feudal Age |
| 11:57 | Build | Mining Camp |
| 12:02 | Queue | Villager (Male) |
| 12:06 | Research | Double-Bit Axe |
| 12:10 | Build | Palisade Wall |
| 12:15 | Research | Horse Collar |
| 12:24 | Queue | Villager (Male) |
| 12:30 | Build | Farm |
| 12:32 | Build | Farm |
| 12:34 | Build | Farm |
| 12:35 | Queue | Villager (Male) |
| 13:02 | Build | Farm |
| 13:04 | Build | Farm |
| 13:07 | Build | Farm |
| 13:08 | Build | Farm |
| 13:38 | Queue | Villager (Male) |
| 13:45 | Build | Barracks |
| 14:13 | Queue | Villager (Male) |
| 14:25 | Build | Blacksmith |
| 14:33 | Queue | Villager (Male) |
| 14:55 | Build | Archery Range |
| 15:02 | Queue | Villager (Male) |
| 15:31 | Queue | Villager (Male) |
| 15:56 | Queue | Villager (Male) |
| 16:22 | Queue | Villager (Male) |
| 17:14 | Research | Castle Age |
| 17:22 | Build | Archery Range |
| 17:38 | Build | Market |
| 17:52 | Research | Fletching |
| 17:52 | Research | Fletching |
| 18:25 | Research | Gold Mining |
| 18:33 | Build | Stable |
| 18:39 | Build | Archery Range |
| 18:42 | Queue | Villager (Male) |
| 18:43 | Queue | Villager (Male) |
| 19:42 | Research | Bloodlines |
| 19:43 | Research | Bloodlines |
| 19:49 | Build | Farm |
| 19:54 | Build | Palisade Wall |
| 19:54 | Age | Castle Age |
| 20:02 | Queue | Cavalry Archer |
| 20:02 | Queue | Cavalry Archer |
| 20:02 | Queue | Cavalry Archer |
| 20:11 | Build | Farm |
| 20:22 | Build | Town Center |
| 20:24 | Queue | Villager (Male) |
| 20:25 | Queue | Villager (Male) |
| 20:31 | Build | Town Center |
| 20:42 | Research | Bodkin Arrow |
| 20:43 | Queue | Cavalry Archer |
| 20:43 | Queue | Cavalry Archer |
| 20:44 | Queue | Cavalry Archer |
| 20:50 | Queue | Villager (Male) |
| 21:02 | Queue | Cavalry Archer |
| 21:02 | Queue | Cavalry Archer |
| 21:15 | Build | University |
| 21:17 | Queue | Villager (Male) |
| 21:17 | Queue | Villager (Male) |
| 21:32 | Queue | Villager (Male) |
| 21:35 | Queue | Villager (Male) |
| 21:51 | Queue | Cavalry Archer |
| 21:51 | Queue | Cavalry Archer |
| 21:51 | Queue | Cavalry Archer |
| 21:55 | Queue | Villager (Male) |
| 22:02 | Research | Bow Saw |
| 22:25 | Queue | Cavalry Archer |
| 22:25 | Queue | Cavalry Archer |
| 22:25 | Queue | Cavalry Archer |
| 22:45 | Research | Husbandry |
| 22:45 | Research | Husbandry |
| 22:50 | Queue | Villager (Male) |
| 22:52 | Queue | Cavalry Archer |
| 22:53 | Queue | Cavalry Archer |
| 22:53 | Queue | Cavalry Archer |
| 22:55 | Build | Farm |
| 22:55 | Queue | Villager (Male) |
| 22:58 | Build | Farm |
| 22:59 | Build | Farm |
| 23:00 | Build | Palisade Wall |
| 23:03 | Build | Palisade Wall |
| 23:15 | Queue | Cavalry Archer |
| 23:15 | Queue | Cavalry Archer |
| 23:17 | Queue | Villager (Male) |
| 23:24 | Build | Farm |
| 23:25 | Build | Farm |
| 23:36 | Build | Farm |
| 23:45 | Queue | Villager (Male) |
| 23:45 | Queue | Villager (Male) |
| 23:45 | Queue | Villager (Male) |
| 23:46 | Queue | Villager (Male) |
| 24:07 | Queue | Villager (Male) |
| 24:07 | Queue | Villager (Male) |
| 24:10 | Build | Farm |
| 24:11 | Build | Farm |
| 24:14 | Build | Farm |
| 24:16 | Build | Farm |
| 24:18 | Build | Farm |
| 24:19 | Queue | Villager (Male) |
| 24:20 | Queue | Villager (Male) |
| 24:23 | Queue | Cavalry Archer |
| 24:54 | Queue | Villager (Male) |
| 24:55 | Queue | Villager (Male) |
| 24:58 | Build | Farm |
| 25:00 | Queue | Villager (Male) |
| 25:05 | Research | Heavy Plow |
| 25:24 | Queue | Villager (Male) |
| 25:24 | Queue | Villager (Male) |
| 25:25 | Queue | Villager (Male) |
| 25:35 | Research | Ballistics |
| 25:35 | Research | Ballistics |
| 25:36 | Queue | Villager (Male) |
| 25:36 | Queue | Villager (Male) |
Match timeline
| 10:35 | Fr4ggi · first_building Barracks |
| 10:58 | Quando · age_up feudal |
| 11:11 | Freytag · age_up feudal |
| 11:32 | lan · age_up feudal |
| 11:33 | Darkmove · wall_segment Palisade Wall x4 |
| 11:39 | Relief · age_up feudal |
| 11:44 | Fr4ggi · age_up feudal |
| 11:46 | Darkmove · age_up feudal |
| 12:10 | Darkmove · wall_segment Palisade Wall x5 |
| 12:25 | Fr4ggi · first_building Stable |
| 12:34 | lan · first_market_sell 100 stone |
| 12:37 | lan · first_market_buy 100 food |
| 13:15 | lan · wall_segment Stone Wall x1 |
| 13:45 | Darkmove · first_building Barracks |
| 14:02 | lan · first_building Barracks |
| 14:40 | Quando · age_up castle |
| 14:55 | Darkmove · first_building Archery Range |
| 15:07 | Freytag · age_up castle |
| 15:39 | lan · age_up castle |
| 15:46 | Relief · age_up castle |
| 15:51 | Relief · first_building Monastery |
| 16:03 | lan · first_building Stable |
| 17:20 | Fr4ggi · age_up castle |
| 18:29 | Relief · first_building Castle |
| 18:33 | Darkmove · first_building Stable |
| 19:54 | Darkmove · wall_segment Palisade Wall x1 |
| 19:54 | Darkmove · age_up castle |
| 20:06 | Quando · first_building Barracks |
| 20:37 | Freytag · first_building Castle |
| 21:01 | Quando · first_building Archery Range |
| 21:37 | Freytag · first_building Barracks |
| 22:09 | lan · first_building Monastery |
| 22:27 | Relief · first_building Barracks |
| 22:27 | lan · first_building Castle |
| 23:00 | Darkmove · wall_segment Palisade Wall x1 |
| 23:03 | Darkmove · wall_segment Palisade Wall x1 |
| 23:45 | Relief · first_building Archery Range |
| 23:53 | Quando · wall_segment Palisade Wall x10 |
| 24:24 | Relief · first_building Stable |
| 24:29 | Quando · first_building Monastery |
| 24:40 | Darkmove · first_market_buy 100 stone |
| 27:10 | Quando · first_market_sell 100 wood |
| 27:19 | Quando · first_building Castle |
| 27:52 | Quando · wall_segment Stone Wall x1 |
| 28:50 | lan · first_building Siege Workshop |
| 29:03 | Freytag · first_building Archery Range |
| 29:27 | Quando · first_building Siege Workshop |
| 29:45 | Quando · wall_segment Stone Wall x16 |
| 29:50 | Darkmove · wall_segment Palisade Wall x1 |
| 29:52 | Darkmove · wall_segment Palisade Wall x1 |
| 30:26 | Fr4ggi · first_building Siege Workshop |
| 30:33 | Quando · age_up imperial |
| 31:38 | lan · age_up imperial |
| 32:31 | Darkmove · first_market_sell 100 wood |
| 32:50 | Darkmove · first_building Siege Workshop |
| 33:57 | Freytag · first_building Stable |
| 34:23 | Freytag · age_up imperial |
| 35:00 | Relief · age_up imperial |
| 35:16 | Fr4ggi · age_up imperial |
| 36:45 | Fr4ggi · first_market_sell 500 food |
| 36:46 | Freytag · first_market_buy 100 stone |
| 37:02 | Darkmove · age_up imperial |
| 39:26 | Quando · wall_segment Stone Wall x5 |
| 40:27 | Fr4ggi · first_building Castle |
| 45:39 | Quando · first_market_buy 100 stone |
| 49:17 | lan · resign |
[ AI ANALYSIS · 1 CREDIT ]
What really happened in this match?
Wolo.gg analyzes every decision: build order, eco, micro, common mistakes by bracket. Personalized analysis on WhatsApp or Discord in 30 seconds.
Civ guide
Dravidians
Perfil
Jugador #2141671